 Dungeon Crawl Stone Soup version 0.23.0 (webtiles) character file.

Game seed: 6971873482192029550

676337 Ijustatesigmund the Axe Maniac (level 27, -16/273 HPs)
             Began as a Hill Orc Fighter on Feb 9, 2019.
             Was the Champion of Okawaru.
             Demolished by an electric golem (20 damage)
             ... on level 4 of the Realm of Zot on Feb 18, 2019.
             The game lasted 03:28:37 (58875 turns).

Ijustatesigmund the Axe Maniac (Hill Orc Fighter)  Turns: 58875, Time: 03:28:38

Health: -16/273    AC: 36    Str: 35    XL:     27
Magic:  13/39      EV: 19    Int:  7    God:    Okawaru [******]
Gold:   6180       SH:  5    Dex: 18    Spells: 20/26 levels left

rFire    + + +     SeeInvis .   e - +6 executioner's axe of Purpose {speed, +Inv rF+ rC+}
rCold    + + +     Gourm    .   (shield currently unavailable)
rNeg     . . .     Faith    .   h - +1 crystal plate armour of Jepem {rPois Regen+ Str+9 Int-2}
rPois    +         Spirit   .   T - +1 hat "Hetoretiu" {rC+ Dex+2 Slay+2}
rElec    .         Reflect  +   I - scarf {rC+ rF+}
rCorr    +         Harm     .   l - +2 pair of gloves {Str+3}
MR       ++...                  R - +1 pair of boots {run}
Stlth    ..........             C - +5 amulet of reflection
HPRegen  0.95/turn              y - ring of resist corrosion
MPRegen  0.26/turn              k - ring of protection from fire

@: very slightly contaminated, quick
A: clumsy 1, shaggy fur 1, wild magic 1
}: 3/15 runes: serpentine, barnacled, silver
a: Heroism, Finesse, Renounce Religion, Evoke Invisibility


You were on level 4 of the Realm of Zot.
You worshipped Okawaru.
Okawaru was exalted by your worship.
You were full.

You visited 11 branches of the dungeon, and saw 51 of its levels.
You visited the Abyss 1 time.
You also visited: Bailey and Wizlab.

You collected 7930 gold pieces.
You spent 1750 gold pieces at shops.

Inventory:

Hand Weapons
 e - the +6 executioner's axe of Purpose (weapon) {speed, +Inv rF+ rC+}
   (Okawaru gifted it to you on level 4 of the Shoals)

   Attacks with this weapon are significantly faster.
   It protects you from fire.
   It protects you from cold.
   It lets you turn invisible.
 O - a +8 executioner's axe of holy wrath
 U - the +10 executioner's axe of Atikhos {freeze, Dex+4}
   (Okawaru gifted it to you on level 2 of the Realm of Zot)

   It has been specially enchanted to freeze those struck by it, causing extra
   injury to most foes and up to half again as much damage against particularly
   susceptible opponents.
   It can also slow down cold-blooded creatures.
   It affects your dexterity (+4).
Missiles
 X - 4 poisoned javelins (quivered)
Armour
 c - a +5 shield of protection
 h - the +1 crystal plate armour of Jepem (worn) {rPois Regen+ Str+9 Int-2}
   (You acquired it on level 6 of the Lair of Beasts)

   It affects your strength (+9).
   It affects your intelligence (-2).
   It protects you from poison.
   It increases your rate of regeneration.
 l - a +2 pair of gloves of strength (worn)
 I - a scarf of resistance (worn)
 R - a +1 pair of boots of running (worn)
 T - the +1 hat "Hetoretiu" (worn) {rC+ Dex+2 Slay+2}
   (Okawaru gifted it to you on level 2 of the Snake Pit)

   It affects your dexterity (+2).
   It affects your accuracy and damage with ranged weapons and melee attacks
   (+2).
   It protects you from cold.
Jewellery
 a - an uncursed ring of positive energy
 i - an uncursed ring of see invisible
 k - a ring of protection from fire (right hand)
 n - an uncursed ring of poison resistance
 y - a ring of resist corrosion (left hand)
 C - a +5 amulet of reflection (around neck)
 E - the ring "Sysiloc" {rF+ rC+ Str-3 Int-3 Stlth+}
   (You took it off a centaur warrior on level 14 of the Dungeon)

   [ring of strength]

   It affects your strength (-3).
   It affects your intelligence (-3).
   It protects you from fire.
   It protects you from cold.
   It makes you more stealthy.
 M - the amulet "Icluax" {rElec Regen+}
   (You bought it in a shop on level 1 of the Elven Halls)

   [amulet of regeneration]

   It insulates you from electricity.
   It increases your rate of regeneration.
 S - an uncursed ring of protection from cold
Wands
 x - a wand of enslavement (5)
 B - a wand of scattershot (4)
 G - a wand of clouds (5)
 H - a wand of acid (35)
 K - a wand of digging (4)
 Q - a wand of iceblast (45)
Scrolls
 g - 13 scrolls of fog
 o - 4 scrolls of magic mapping
 s - 8 scrolls of amnesia
 t - 23 scrolls of remove curse
 z - 5 scrolls of blinking
 A - 4 scrolls of fear
 D - 3 scrolls of immolation
 F - 26 scrolls of teleportation
 J - 8 scrolls of identify
 N - 7 scrolls of summoning
 P - a scroll of brand weapon
 Y - a scroll of holy word
 Z - 2 scrolls of silence
Potions
 b - 2 potions of berserk rage
 d - 5 potions of ambrosia
 j - 3 potions of heal wounds
 m - 6 potions of haste
 p - a potion of resistance
 q - 2 potions of brilliance
 r - 3 potions of cancellation
 u - 19 potions of curing
 v - 5 potions of flight
 w - 3 potions of invisibility
 L - 10 potions of agility
 V - 3 potions of magic
 W - 8 potions of might
Comestibles
 f - 63 rations


   Skills:
 O Level 27 Fighting
 O Level 27 Axes
 - Level 19.3 Armour
 + Level 18.5 Dodging
 - Level 12.1 Shields
 - Level 14.0 Translocations
 - Level 24.0 Invocations
 - Level 9.9 Evocations


You had 20 spell levels left.
You knew the following spells:

 Your Spells              Type           Power        Failure   Level  Hunger
a - Apportation           Tloc           ####..       2%          1    ##.....
b - Blink                 Tloc           N/A          3%          2    ###....
c - Lesser Beckoning      Tloc           ####......   6%          3    ####...

Your spell library contained the following spells:

 Spells                   Type           Power        Failure   Level  Hunger
 Gell's Gravitas          Tloc           ####......   6%          3    ####...
 Teleport Other           Tloc           ####....     6%          3    ####...
 Passage of Golubria      Tloc           N/A          17%         4    #####..
 Shroud of Golubria       Chrm/Tloc      ##........   38%         2    ###....
 Recall                   Summ/Tloc      N/A          61%         3    ####...
 Dispersal                Tloc           ####......   91%         6    #######
 Force Lance              Conj/Tloc      ##......     94%         4    #####..
 Animate Skeleton         Necr           N/A          99%         1    ##.....
 Beastly Appendage        Tmut           #.....       99%         1    ##.....
 Confusing Touch          Hex            #.....       99%         1    ##.....
 Corona                   Hex            #......      99%         1    ##.....
 Infusion                 Chrm           #...         99%         1    ##.....
 Magic Dart               Conj           #...         99%         1    ##.....
 Pain                     Necr           #...         99%         1    ##.....
 Shock                    Conj/Air       #...         99%         1    ##.....
 Sting                    Conj/Pois      #...         99%         1    ##.....
 Summon Butterflies       Summ           #.......     99%         1    ##.....
 Summon Small Mammal      Summ           #...         99%         1    ##.....
 Call Imp                 Summ           #.......     100%        2    ###....
 Corpse Rot               Necr           N/A          100%        2    ###....
 Ensorcelled Hibernation  Hex/Ice        #.....       100%        2    ###....
 Passwall                 Tmut/Erth      #.......     100%        2    ###....
 Poisonous Vapours        Pois/Air       #.....       100%        2    ###....
 Searing Ray              Conj           #.....       100%        2    ###....
 Slow                     Hex            #.......     100%        2    ###....
 Song of Slaying          Chrm           #.......     100%        2    ###....
 Sticks to Snakes         Tmut           #.......     100%        2    ###....
 Sublimation of Blood     Necr           #.........   100%        2    ###....
 Swiftness                Chrm/Air       #.......     100%        2    ###....
 Call Canine Familiar     Summ           #.......     100%        3    ####...
 Confuse                  Hex            #.......     100%        3    ####...
 Conjure Flame            Conj/Fire      #.......     100%        3    ####...
 Dazzling Spray           Conj/Hex       #.....       100%        3    ####...
 Ignite Poison            Fire/Tmut/Pois #.......     100%        3    ####...
 Mephitic Cloud           Conj/Pois/Air  #.......     100%        3    ####...
 Regeneration             Chrm/Necr      #.........   100%        3    ####...
 Spectral Weapon          Hex/Chrm       #.......     100%        3    ####...
 Spider Form              Tmut/Pois      #.........   100%        3    ####...
 Stone Arrow              Conj/Erth      #.....       100%        3    ####...
 Summon Guardian Golem    Hex/Summ       #.......     100%        3    ####...
 Tukima's Dance           Hex            #.......     100%        3    ####...
 Vampiric Draining        Necr           #.........   100%        3    ####...
 Animate Dead             Necr           N/A          100%        4    #####..
 Cause Fear               Hex            #.........   100%        4    #####..
 Fulminant Prism          Conj/Hex       #.........   100%        4    #####..
 Ice Form                 Ice/Tmut       #.......     100%        4    #####..
 Iskenderun's Mystic Bla  Conj           #.......     100%        4    #####..
 Leda's Liquefaction      Hex/Erth       #.........   100%        4    #####..
 Olgreb's Toxic Radiance  Pois           #.......     100%        4    #####..
 Petrify                  Tmut/Erth      #.......     100%        4    #####..
 Summon Ice Beast         Ice/Summ       #.......     100%        4    #####..
 Summon Lightning Spire   Summ/Air       #.......     100%        4    #####..
 Alistair's Intoxication  Tmut/Pois      #.......     100%        5    ######.
 Aura of Abjuration       Summ           #.........   100%        5    ######.
 Blade Hands              Tmut           #.........   100%        5    ######.
 Bolt of Draining         Conj/Necr      #.........   100%        5    ######.
 Bolt of Magma            Conj/Fire/Erth #.........   100%        5    ######.
 Borgnjor's Vile Clutch   Necr/Erth      #.........   100%        5    ######.
 Fireball                 Conj/Fire      #.........   100%        5    ######.
 Irradiate                Conj/Tmut      #.........   100%        5    ######.
 Iskenderun's Battlesphe  Conj/Chrm      #.......     100%        5    ######.
 Lee's Rapid Deconstruct  Erth           #.........   100%        5    ######.
 Metabolic Englaciation   Hex/Ice        #.........   100%        5    ######.
 Silence                  Hex/Air        #.........   100%        5    ######.
 Summon Demon             Summ           #.........   100%        5    ######.
 Summon Forest            Summ/Tloc      ##........   100%        5    ######.
 Summon Mana Viper        Hex/Summ       #.......     100%        5    ######.
 Venom Bolt               Conj/Pois      #.........   100%        5    ######.
 Yara's Violent Unravell  Hex/Tmut       #.........   100%        5    ######.
 Bolt of Fire             Conj/Fire      #.........   100%        6    #######
 Conjure Ball Lightning   Conj/Air       #.........   100%        6    #######
 Darkness                 Hex            #.........   100%        6    #######
 Deflect Missiles         Chrm/Air       #.........   100%        6    #######
 Hydra Form               Tmut           #.........   100%        6    #######
 Invisibility             Hex            #.......     100%        6    #######
 Iron Shot                Conj/Erth      #.........   100%        6    #######
 Shadow Creatures         Summ           N/A          100%        6    #######
 Statue Form              Tmut/Erth      #........    100%        6    #######
 Dragon Form              Tmut           #.........   100%        7    #######
 Malign Gateway           Summ/Tloc      ##........   100%        7    #######
 Monstrous Menagerie      Summ           #.........   100%        7    #######
 Orb of Destruction       Conj           #.........   100%        7    #######
 Ring of Flames           Chrm/Fire      #.........   100%        7    #######
 Spellforged Servitor     Conj/Summ      #.........   100%        7    #######
 Summon Greater Demon     Summ           #.........   100%        7    #######
 Summon Hydra             Summ           #.........   100%        7    #######
 Controlled Blink         Tloc           N/A          100%        8    #######
 Discord                  Hex            #.........   100%        8    #######
 Disjunction              Tloc           ####......   100%        8    #######
 Ignition                 Fire           #.........   100%        8    #######
 Summon Horrible Things   Summ           #.........   100%        8    #######
 Shatter                  Erth           #.........   100%        9    #######
 Tornado                  Air            #.........   100%        9    #######


Dungeon Overview and Level Annotations

Branches:
Dungeon (15/15)            Temple (1/1) D:7            Lair (6/6) D:8
 Shoals (4/4) Lair:3        Snake (4/4) Lair:4        Slime (0/5) Lair:5
    Orc (2/2) D:10            Elf (3/3) Orc:2        Vaults (5/5) D:14
  Crypt (1/3) Vaults:2     Depths (5/5) D:15            Zot (5/5) Depths:5

Altars:
Ashenzari
Cheibriados
Dithmenos
Elyvilon
Fedhas
Gozag
Hepliaklqana
Kikubaaqudgha
Makhleb
Nemelex Xobeh
Okawaru
Qazlal
Ru
Sif Muna
Trog
Uskayaw
Vehumet
Wu Jian
Xom
Yredelemnul
Zin
The Shining One
Beogh
Jiyva

Shops:
D:4 }   D:9 ([%   D:12 (   Orc:2 %*%(   Elf:1 =}}   Shoals:2 [   Shoals:3 :
Snake:3 *   Vaults:2 }

Portals:
Hell: Depths:1 Depths:2 Depths:3 Depths:4 Depths:5
Abyss: Depths:1 Depths:4
Pandemonium: Depths:3

Annotations:
Zot:4 1 transporter


Innate Abilities, Weirdness & Mutations

You are clumsy. (Dex -2)
You are covered in fur. (AC +1)
Your spells are a little harder to cast, but a little more powerful.


Message History

You hear a loud "Zot"!
You feel much better.
You hear a loud "Zot"!
You hit the electric golem.
The electric golem is lightly damaged.
The electric golem hurls lightning at you.
The bolt of lightning misses you. The bolt of lightning hits you!!
* * * LOW HITPOINT WARNING * * *
The bolt of lightning hits the electric golem.
The electric golem completely resists.
You feel much better.
The electric golem hurls lightning at you.
The bolt of lightning hits you but does no damage.
The bolt of lightning hits you!!!
* * * LOW HITPOINT WARNING * * *
The bolt of lightning hits the electric golem.
The electric golem completely resists.
The electric golem hits you.
* * * LOW HITPOINT WARNING * * *
The electric golem shocks you!!
You die...

## ##.## ### ..^.#
####..###.#..#### #
###$^"#.....^.#^....# #
######^$!#.^^@.#..^#..^######
####..###$^|+^.^8..^#.#..^###..##
.##..©###©!^#^^...#.^^.^.©###©..#
###...###$^[+^^...^.#§#..^###...#
##..#####^%^#.^^..#.^.#...#####.#
#..## ###"^|#..^..^.#^†.^.# #.#
#..# ####..###.#.^#### #.# #..#
### ..(.## #.# #..# #^##^## #..


You could see an electric golem.

Vanquished Creatures
  An orb of fire (Zot:1)
  2 ancient liches (Vaults:5)
  Sojobo (Vaults:4)
  4 Killer Klowns
  Margery (Vaults:2)
  Saint Roka (Vaults:1)
  2 caustic shrikes
  6 curse toes
  13 golden dragons
  A Hellbinder (WizLab)
  the Enchantress (Depths:5)
  A profane servitor (Abyss:1)
  6 bone dragons
  An electric golem (Zot:3)
  18 tentacled monstrosities
  Rupert (Lair:6)
  7 liches
  5 titans
  3 deep elf blademasters
  2 deep elf master archers (Elf:3)
  15 quicksilver dragons
  2 ancient champions
  5 death cobs
  An Executioner (Abyss:1)
  6 tentacled starspawn
  A kraken (Shoals:2)
  Polyphemus (Shoals:4)
  Kirke (Snake:3)
  4 shadow dragons
  7 sphinxes
  Agnes (Vaults:4)
  12 tengu reavers
  4 draconian monks
  11 nagarajas
  8 draconian knights
  17 storm dragons
  3 iron dragons
  5 fire giants
  12 frost giants
  13 vault wardens
  4 ghost moths
  2 balrugs
  6 draconian scorchers
  A cacodemon (Abyss:1)
  5 draconian stormcallers
  6 deep elf sorcerers
  A caustic shrike zombie (Depths:3)
  5 draconian shifters
  An angel (Abyss:2)
  12 deep elf elementalists
  5 spriggan defenders
  17 ironheart preservers
  A reaper (Abyss:2)
  12 draconian annihilators
  27 very ugly things
  19 stone giants
  2 entropy weavers
  6 vampire knights
  A black sun (WizLab)
  6 green draconians
  7 deep elf demonologists
  8 black draconians
  A lorocyproca (WizLab)
  7 deep elf annihilators
  10 red draconians
  25 purple draconians
  8 white draconians
  Azrael (D:12)
  11 yellow draconians
  The ghost of coffeespoons the Protected, a journeyman GrFi of Trog (Lair:5)
  3 merfolk javelineers
  7 spark wasps
  13 ettins
  3 blizzard demons (WizLab)
  13 fire dragons
  3 green deaths (WizLab)
  11 deep elf death magi
  A crystal guardian (Abyss:1)
  28 small abominations
  4 deep elf high priests
  6 jiangshi
  14 great orbs of eyes
  5 merfolk impalers
  26 yaktaur captains
  5 hydras
  14 ice dragons
  34 vault guards
  2 alligator snapping turtles
  10 spriggan air magi
  Erica (D:9)
  A two-headed ogre (shapeshifter) (Depths:2)
  16 naga warriors
  A hell beast (WizLab)
  23 ogre magi
  3 merfolk avatars
  5 death knights
  13 centaur warriors
  4 rakshasas
  A catoblepas (Shoals:3)
  6 satyrs
  12 deep troll shamans
  55 two-headed ogres
  28 dancing weapons
  2 anacondas
  4 hell hogs
  9 death yaks
  3 merfolk aquamancers
  6 tengu warriors
  19 deep troll earth magi
  An orc high priest (Orc:1)
  4 vampire magi
  A titan zombie (D:15)
  Urug (D:12)
  7 hell knights
  7 spriggan berserkers
  3 sun demons
  4 thrashing horrors
  13 naga sharpshooters
  A shock serpent (Snake:4)
  The ghost of Monsterracer the Grappler, a novice TrTm of Cheibriados (D:8)
  The ghost of Monsterracer the Grappler, a novice TrWz of Cheibriados (D:7)
  9 deep elf knights
  4 soul eaters (WizLab)
  Nergalle (Lair:1)
  3 wretched stars
  Sonja (Lair:6)
  4 sixfirhies
  2 iron trolls
  3 spatial maelstroms
  A spark wasp zombie (Depths:3)
  The ghost of Paps the Sneak, a novice DsFi of Dithmenos (D:6)
  4 salamander mystics
  5 skeletal warriors
  7 glowing orange brains
  28 deep trolls
  A glowing orange brain (shapeshifter) (Depths:4)
  9 unseen horrors
  7 naga ritualists
  2 flayed ghosts
  2 wizards
  A torturous demonspawn (Depths:3)
  A golden dragon skeleton (Depths:1)
  12 deep elf archers
  11 sea snakes
  An orange crystal statue (Elf:2)
  15 ironbrand convokers
  8 necromancers
  5 phantasmal warriors
  A wolf spider zombie (Abyss:1)
  A harpy (shapeshifter) (Vaults:1)
  18 harpies
  12 orc knights
  3 wolf spiders
  5 mana vipers
  7 orc sorcerers
  20 salamanders
  15 cyclopes
  55 ugly things
  An orb spider (shapeshifter) (Vaults:4)
  55 deep elf magi
  A fire giant zombie (Abyss:1)
  15 manticores
  24 fauns
  5 worldbinders
  2 manticores (shapeshifter)
  12 elephants
  An elephant (shapeshifter) (Vaults:5)
  27 black mambas
  A fire giant skeleton (Depths:3)
  36 moths of wrath
  A storm dragon simulacrum (Vaults:2)
  3 water nymphs
  11 merfolk sirens
  2 apocalypse crabs (Abyss:2)
  A rust devil (Abyss:1)
  11 smoke demons
  27 naga magi
  4 guardian serpents
  11 vault sentinels
  3 gargoyles
  4 orange demons
  An eye of devastation (Abyss:1)
  3 hellions
  5 freezing wraiths
  A spiny frog (shapeshifter) (Elf:3)
  20 spiny frogs
  A yaktaur zombie (Depths:1)
  9 hellwings
  2 komodo dragons (shapeshifter)
  72 yaktaurs
  2 spriggan zombies
  3 kobold demonologists
  A rime drake (Lair:6)
  3 ice devils (WizLab)
  9 tengu conjurers
  A tormentor (Depths:3)
  29 merfolk
  10 ancient zymes
  8 komodo dragons
  7 red devils
  A redback zombie (D:15)
  2 jumping spiders (shapeshifter)
  A troll (shapeshifter) (Vaults:3)
  A meliai (D:14)
  8 wind drakes
  2 jumping spiders (Vaults:3)
  A polar bear (shapeshifter) (D:12)
  7 trolls
  A wind drake (shapeshifter) (D:14)
  A polar bear (Lair:4)
  A wolf spider simulacrum (D:14)
  5 tyrant leeches (Lair:6)
  8 hornets
  37 slime creatures
  A meliai zombie (D:13)
  17 raiju
  14 dream sheep
  3 hippogriffs (shapeshifter)
  30 blink frogs
  An ice dragon zombie (Depths:1)
  15 snapping turtles
  2 spriggan skeletons (D:15)
  7 hippogriffs
  A frost giant simulacrum (Vaults:3)
  A flying skull (Abyss:1)
  3 shadows
  4 spriggans
  22 water elementals
  2 air elementals
  A vampire (D:9)
  6 wraiths
  4 wyverns
  A centaur simulacrum (D:15)
  43 yaks
  3 redbacks (Vaults:4)
  2 tarantellas
  4 fire elementals
  A spriggan (shapeshifter) (Depths:3)
  An elf zombie (Depths:3)
  A basilisk (shapeshifter) (D:14)
  A yak (shapeshifter) (D:14)
  10 ynoxinuls
  4 basilisks
  3 chaos spawn
  A hog (shapeshifter) (Vaults:1)
  20 large abominations
  A spriggan simulacrum (Depths:3)
  3 hungry ghosts
  8 neqoxecs
  A steam dragon (D:10)
  11 vampire mosquitoes
  10 wargs
  4 hogs (Snake:3)
  3 insubstantial wisps (Abyss:1)
  7 spatial vortices
  Edmund (D:6)
  32 nagas
  2 soldier ants
  4 acid dragons
  12 porcupines
  14 hell hounds
  3 sky beasts
  15 water moccasins
  2 floating eyes (Depths:4)
  2 ice beasts
  A black bear (D:12)
  35 orc warriors
  An ice beast (shapeshifter) (Depths:3)
  2 phantoms
  3 eyes of draining
  2 boggarts (Depths:4)
  63 ogres
  21 crocodiles
  9 wolves
  33 centaurs
  2 big kobolds (D:10)
  A big kobold (shapeshifter) (D:15)
  3 earth elementals
  A wyvern zombie (D:14)
  29 bullfrogs
  3 gnoll sergeants
  A glowing shapeshifter simulacrum (Vaults:3)
  3 scorpions
  8 killer bees
  8 wights
  9 electric eels
  10 howler monkeys
  7 crimson imps
  3 bullfrog zombies
  6 centaur zombies
  2 human simulacra (Vaults:1)
  6 quasits
  17 starcursed masses (Abyss:1)
  An iron imp (Abyss:1)
  6 hounds
  4 jellies
  17 orc priests
  2 bullfrog skeletons
  53 orc wizards
  5 centaur skeletons
  8 iguanas
  13 worker ants
  2 hound zombies
  20 gnolls
  11 adders
  8 shadow imps
  2 white imps (Abyss:1)
  4 ufetubi
  2 oozes
  An adder skeleton (D:5)
  2 worms
  3 dart slugs
  4 leopard geckos
  143 orcs
  A ball python (Lair:4)
  6 giant cockroaches
  11 goblins
  7 hobgoblins
  9 jackals
  16 kobolds
  7 quokkas
  9 bats
  5 frilled lizards
  A jackal skeleton (D:4)
  A leopard gecko skeleton (D:5)
  A quokka skeleton (D:4)
  8 rats
  5 crawling corpses
  6 fungi
  9 plants
  4 starspawn tentacles
  4 tentacles (Shoals:2)
  2 withered plants (D:15)
2764 creatures vanquished.

Vanquished Creatures (collateral kills)
  A faun (Shoals:4)
1 creature vanquished.

Vanquished Creatures (others)
  A lich (Depths:3)
  A draconian annihilator (Zot:2)
  A spatial maelstrom (Abyss:1)
  A harpy (Shoals:3)
  A manticore (D:14)
  A black mamba (Snake:4)
  5 yaktaurs
  An ancient zyme (Abyss:1)
  A small abomination (Abyss:1)
  An orc warrior (Vaults:1)
  An ogre (Depths:1)
  2 boggarts (Depths:4)
  An orc wizard (Orc:2)
  A ball lightning (Zot:4)
  9 fungi (Lair:6)
  3 lurking horrors
  68 plants
  12 starspawn tentacles
  3 tentacles (Shoals:2)
114 creatures vanquished.

Grand Total: 2879 creatures vanquished

Notes
Turn   | Place    | Note
-------+----------+-------------------------------------------
     0 | D:1      | Ijustatesigmund the Hill Orc Fighter began the quest for
                  | the Orb.
     0 | D:1      | Reached XP level 1. HP: 19/19 MP: 1/1
    76 | D:1      | Reached XP level 2. HP: 26/27 MP: 2/2
   578 | D:1      | Reached XP level 3. HP: 33/33 MP: 3/3
   987 | D:2      | Reached XP level 4. HP: 38/40 MP: 4/4
  1404 | D:2      | Found a shattered altar of Ashenzari.
  1414 | D:2      | Found a basalt altar of Yredelemnul.
  2077 | D:3      | Found a shadowy altar of Dithmenos.
  2320 | D:4      | Got a crystal rapier
  2321 | D:4      | Identified the +7 rapier of Fragile Peace {drain, Str+2
                  | Int+4 SInv} (You found it on level 4 of the Dungeon)
  2341 | D:4      | Reached skill level 5 in Axes
  2373 | D:4      | Found Waxkiycyg's Gadget Shoppe.
  2373 | D:4      | Noticed an ogre
  2477 | D:4      | Killed an ogre
  2477 | D:4      | Reached XP level 5. HP: 23/47 MP: 5/5
  2701 | D:4      | Reached skill level 5 in Fighting
  2701 | D:4      | Reached XP level 6. HP: 50/56 MP: 6/6
  2801 | D:5      | Entered Level 5 of the Dungeon
  2865 | D:5      | Found a sacrificial altar of Ru.
  2996 | D:5      | Identified the +1 rapier of Gluttony {protect, +Blink rC+
                  | rN+}
  3057 | D:5      | Reached XP level 7. HP: 50/61 MP: 7/7
  3723 | D:6      | Reached skill level 5 in Armour
  4069 | D:6      | Noticed Edmund
  4088 | D:6      | Killed Edmund
  4088 | D:6      | Reached XP level 8. HP: 36/71 MP: 8/8
  4389 | D:6      | Found a snail-covered altar of Cheibriados.
  4435 | D:6      | Found a hazy altar of Hepliaklqana.
  4442 | D:6      | Found an opulent altar of Gozag.
  4445 | D:6      | Found an ancient bone altar of Kikubaaqudgha.
  4521 | D:6      | Found a runed translucent gate.
  4521 | D:6      | Found a runed translucent gate.
  4521 | D:6      | Found a runed translucent gate.
  4522 | D:6      | Noticed Paps's ghost (novice DsFi)
  4553 | D:6      | Killed Paps's ghost
  4553 | D:6      | Reached skill level 10 in Axes
  4765 | D:7      | Found a staircase to the Ecumenical Temple.
  4772 | D:7      | Noticed a wyvern
  4783 | D:6      | Killed a wyvern
  5020 | D:7      | Reached XP level 9. HP: 76/80 MP: 9/9
  5157 | D:7      | Found a bloodstained altar of Trog.
  5216 | D:7      | Found a transporter.
  5219 | D:7      | Noticed Monsterracer's ghost (novice TrWz)
  5220 | D:7      | Found a transporter.
  5220 | D:7      | Identified the +4 dire flail "Teitik" {venom, rF+ Str+3}
  5311 | Temple   | Entered the Ecumenical Temple
  5358 | Temple   | Became a worshipper of Warmaster Okawaru
  5412 | D:7      | Found a glowing silver altar of Zin.
  5435 | D:7      | Reached skill level 1 in Invocations
  5598 | D:7      | Reached skill level 1 in Dodging
  5836 | D:8      | Found a transporter.
  5836 | D:8      | Noticed Monsterracer's ghost (novice TrTm)
  5850 | D:8      | Reached * piety under Okawaru
  6050 | D:8      | Found a staircase to the Lair.
  6055 | D:8      | Found a flagged portal.
  6064 | Bailey   | Entered a bailey
  6118 | Bailey   | Reached skill level 5 in Invocations
  6151 | Bailey   | Noticed an orc knight
  6319 | Bailey   | Noticed an orc knight
  6350 | Bailey   | Killed an orc knight
  6350 | Bailey   | Reached skill level 5 in Shields
  6350 | Bailey   | Reached XP level 10. HP: 52/88 MP: 13/15
  6504 | Bailey   | Reached ** piety under Okawaru
  6798 | Bailey   | Noticed an orc knight
  6808 | Bailey   | Killed an orc knight
  7848 | D:8      | Identified the +9 great mace of the Equator {pain, rPois
                  | rC++ Dex+4}
  7848 | D:8      | Identified the +5 great mace "Killer Klown's Peril"
                  | {freeze, rC+}
  7848 | D:8      | Noticed a two-headed ogre
  7965 | D:8      | Found a transporter.
  8185 | D:9      | Noticed a two-headed ogre
  8266 | D:9      | Killed a two-headed ogre
  8266 | D:9      | Reached *** piety under Okawaru
  8273 | D:9      | Noticed a two-headed ogre
  8282 | D:9      | Killed a two-headed ogre
  8282 | D:9      | Reached skill level 10 in Invocations
  8510 | D:9      | Found Munuwoff's Armour Emporium.
  8535 | D:9      | Reached XP level 11. HP: 94/94 MP: 16/18
  8614 | D:9      | Found Kics's Weapon Emporium.
  8734 | D:9      | Found Tuzorph's Food Boutique.
  8790 | D:9      | Found an ornate altar of the Wu Jian Council.
  9026 | D:9      | Noticed Erica
  9041 | D:9      | Killed Erica
  9249 | D:9      | Reached **** piety under Okawaru
  9403 | D:10     | Entered Level 10 of the Dungeon
  9456 | D:10     | Found a staircase to the Orcish Mines.
  9581 | Orc:1    | Entered Level 1 of the Orcish Mines
  9656 | D:10     | Noticed a two-headed ogre
  9666 | D:10     | Killed a two-headed ogre
 10148 | D:10     | Reached ***** piety under Okawaru
 10431 | D:11     | Noticed a seven-headed hydra
 10448 | D:11     | Killed a nine-headed hydra
 10749 | D:11     | Noticed a green ugly thing
 10765 | D:11     | Killed a green ugly thing
 10779 | D:11     | Received a gift from Okawaru
 10893 | D:10     | Reached XP level 12. HP: 85/106 MP: 21/21
 10975 | D:10     | Reached skill level 10 in Fighting
 11605 | D:11     | Noticed a centaur warrior
 11617 | D:11     | Killed a centaur warrior
 11834 | D:11     | Found a sacrificial altar of Ru.
 12346 | D:7      | Killed Monsterracer's ghost
 12346 | D:7      | Received a gift from Okawaru
 12350 | D:7      | Got a faintly glowing lajatang {god gift}
 12428 | D:8      | Killed Monsterracer's ghost
 12433 | D:8      | Killed a two-headed ogre
 12543 | D:12     | Found Qamotoepp's Weapon Shoppe.
 12813 | D:12     | Noticed Urug
 12826 | D:12     | Killed Urug
 12826 | D:12     | Received a gift from Okawaru
 12829 | D:12     | Got a twisted plate armour {god gift}
 12880 | D:11     | Identified the +1 plate armour of the Comet {*Corrode +Fly
                  | Str+7} (Okawaru gifted it to you on level 12 of the
                  | Dungeon)
 13269 | D:12     | Reached XP level 13. HP: 91/117 MP: 17/24
 13476 | D:13     | Noticed Azrael
 13526 | D:12     | Reached skill level 15 in Invocations
 13920 | D:12     | Killed Azrael
 14428 | D:13     | Reached skill level 15 in Axes
 14615 | D:13     | Reached ****** piety under Okawaru
 14684 | D:12     | Bought the +6 war axe "Xaloinez" {vamp, Str+3} for 914 gold
                  | pieces
 15055 | D:13     | Received a gift from Okawaru
 15132 | D:13     | Reached skill level 5 in Dodging
 15711 | Orc:1    | Found a roughly hewn altar of Beogh.
 15902 | Orc:2    | Entered Level 2 of the Orcish Mines
 15980 | Orc:2    | Paralysed by an orc sorcerer for 6 turns
 16004 | Orc:2    | Paralysed by an orc sorcerer for 4 turns
 16312 | Orc:2    | Found a roughly hewn altar of Beogh.
 16366 | Orc:2    | Reached XP level 14. HP: 129/129 MP: 21/25
 16429 | Orc:2    | Found a staircase to the Elven Halls.
 16608 | Orc:2    | Found Emid's Antique Weapon Boutique.
 16608 | Orc:2    | Found Dagausef's Food Shoppe.
 16642 | Orc:2    | Bought an ichor-stained flail for 246 gold pieces
 16642 | Orc:2    | Identified the cursed +2 flail "Saheelug" {pain, Int+4
                  | Dex-4 SInv} (You bought it in a shop on level 2 of the
                  | Orcish Mines)
 16862 | Orc:2    | Found Daupla Kinuc's Assorted Antiques.
 16862 | Orc:2    | Found Zoawk's Food Shoppe.
 16876 | Orc:2    | Received a gift from Okawaru
 16893 | Orc:2    | Bought a lead wand for 92 gold pieces
 16954 | Elf:1    | Entered Level 1 of the Elven Halls
 17144 | Lair:1   | Entered Level 1 of the Lair of Beasts
 17236 | Lair:1   | Identified the +0 lajatang of Mandamus {pain, MR+ Dex+3
                  | Stlth-} (Okawaru gifted it to you on level 7 of the
                  | Dungeon)
 17304 | Lair:1   | Noticed Nergalle
 17322 | Lair:1   | Killed Nergalle
 18269 | Lair:2   | Received a gift from Okawaru
 18822 | Lair:3   | Found a staircase to the Shoals.
 19593 | Lair:4   | Found a staircase to the Snake Pit.
 19730 | Lair:4   | Reached skill level 15 in Fighting
 20493 | Lair:4   | Reached XP level 15. HP: 141/141 MP: 26/26
 20506 | Lair:4   | Received a gift from Okawaru
 20900 | Lair:5   | Found a runed translucent gate.
 20901 | Lair:5   | Found a runed translucent gate.
 20904 | Lair:5   | Found a runed translucent gate.
 20905 | Lair:5   | Noticed coffeespoons's ghost (journeyman GrFi)
 20936 | Lair:5   | Killed coffeespoons's ghost
 21203 | Lair:5   | Gained mutation: Your spells are a little easier to cast,
                  | but a little less powerful. [potion of mutation]
 21203 | Lair:5   | Gained mutation: You are partially covered in icy blue
                  | scales. (AC +2) [potion of mutation]
 21346 | Lair:5   | Found a viscous altar of Jiyva.
 21347 | Lair:5   | Found a staircase to the Slime Pits.
 21655 | Lair:6   | Entered Level 6 of the Lair of Beasts
 21672 | Lair:6   | Noticed Sonja
 21679 | Lair:6   | Killed Sonja
 21773 | Lair:6   | Noticed Rupert
 21778 | Lair:6   | Paralysed by Rupert for 3 turns
 21800 | Lair:6   | Killed Rupert
 21926 | Lair:6   | Received a gift from Okawaru
 21937 | Lair:6   | Got a bloodstained battleaxe {god gift}
 21943 | Lair:6   | Identified the +4 battleaxe "Cyskyt Xunoq" {freeze, rN+ MR+
                  | SInv Stlth-} (Okawaru gifted it to you on level 6 of the
                  | Lair of Beasts)
 22215 | Lair:6   | Identified a scroll of acquirement
 22218 | Lair:6   | Got a transparent crystal plate armour
 22333 | Lair:5   | Identified the +1 crystal plate armour of Jepem {rPois
                  | Regen+ Str+9 Int-2} (You acquired it on level 6 of the Lair
                  | of Beasts)
 22811 | Shoals:1 | Entered Level 1 of the Shoals
 22855 | Snake:1  | Entered Level 1 of the Snake Pit
 22988 | Snake:1  | Received a gift from Okawaru
 22989 | Snake:1  | Reached skill level 10 in Armour
 22992 | Snake:1  | Got a warped executioner's axe {god gift}
 23011 | Snake:1  | Found an iron altar of Okawaru.
 23258 | Snake:1  | Reached XP level 16. HP: 152/152 MP: 23/27
 23364 | Snake:2  | Identified the +1 executioner's axe of Wisdom {chop, *Noise
                  | rPois Str+5 Int+4} (Okawaru gifted it to you on level 1 of
                  | the Snake Pit)
 23467 | Snake:2  | Noticed a nagaraja
 23695 | Snake:2  | Killed a nagaraja
 23695 | Snake:2  | Received a gift from Okawaru
 23698 | Snake:2  | Got a crude hat {god gift}
 23709 | Snake:2  | Identified the +1 hat "Hetoretiu" {rC+ Dex+2 Slay+2}
                  | (Okawaru gifted it to you on level 2 of the Snake Pit)
 23804 | Snake:2  | Noticed a nagaraja
 23817 | Snake:2  | Killed a nagaraja
 23902 | Snake:2  | Identified the cursed ring "Bijered" {rF+ AC-3}
 24717 | Snake:3  | Found Eriwyero's Assorted Antiques.
 24740 | Snake:3  | Bought a scroll of identify for 58 gold pieces
 24745 | Snake:3  | Noticed a nagaraja
 24783 | Snake:3  | Killed a nagaraja
 24795 | Snake:3  | Noticed Kirke
 24799 | Snake:3  | Noticed a sphinx
 25279 | Snake:3  | Killed Kirke
 25279 | Snake:3  | Received a gift from Okawaru
 25504 | Snake:4  | Entered Level 4 of the Snake Pit
 25996 | Snake:4  | Reached skill level 1 in Evocations
 26030 | Snake:4  | Noticed a nagaraja
 26030 | Snake:4  | Noticed a nagaraja
 26053 | Snake:4  | Reached XP level 17. HP: 159/159 MP: 13/29
 26070 | Snake:4  | Received a gift from Okawaru
 26193 | Snake:4  | Reached skill level 5 in Evocations
 26367 | Snake:4  | Received a gift from Okawaru
 26383 | Snake:4  | Reached skill level 15 in Armour
 26439 | Snake:4  | Got a polished eveningstar {god gift}
 26652 | Snake:4  | Got a serpentine rune of Zot
 27053 | Shoals:1 | Identified the +7 war axe "Vunteall" {chop, rF+ MP-9 Dex+3}
 27587 | Shoals:2 | Found Nyaqaumn's Armour Shoppe.
 27631 | Shoals:2 | Identified the +0 eveningstar "Baosus" {flame, *Slow Str+5
                  | Dex+6} (Okawaru gifted it to you on level 4 of the Snake
                  | Pit)
 27714 | Shoals:2 | Noticed a kraken
 27728 | Shoals:2 | Killed a kraken
 27728 | Shoals:2 | Received a gift from Okawaru
 27770 | Shoals:3 | Reached XP level 18. HP: 168/168 MP: 30/30
 27813 | Shoals:3 | Found Toquesae's Book Boutique.
 28580 | Shoals:4 | Entered Level 4 of the Shoals
 28580 | Shoals:4 | Noticed Polyphemus
 28594 | Shoals:3 | Received a gift from Okawaru
 28597 | Shoals:3 | Got a fine broad axe {god gift}
 28598 | Shoals:3 | Identified the +4 broad axe "Dyffuris" {chop, Int+4}
                  | (Okawaru gifted it to you on level 3 of the Shoals)
 28619 | Shoals:4 | Killed Polyphemus
 28848 | Shoals:4 | Identified the amulet of Qotwap {Harm *Drain rN+}
 28927 | Shoals:4 | Received a gift from Okawaru
 28930 | Shoals:4 | Got an encrusted executioner's axe {god gift}
 29415 | Shoals:4 | Got a barnacled rune of Zot
 29932 | D:14     | Received a gift from Okawaru
 29935 | D:14     | Identified the +6 executioner's axe of Purpose {speed, +Inv
                  | rF+ rC+} (Okawaru gifted it to you on level 4 of the
                  | Shoals)
 30104 | D:14     | Reached XP level 19. HP: 178/178 MP: 32/32
 30253 | D:14     | Found a runed translucent door.
 30255 | D:14     | Found a runed translucent door.
 30256 | D:14     | Found a runed translucent door.
 30428 | D:14     | Identified the cursed ring "Sysiloc" {rF+ rC+ Str-3 Int-3
                  | Stlth+}
 30429 | D:14     | Received a gift from Okawaru
 30456 | D:14     | Identified Enuidioq's Guide on Stolen Souls and the
                  | Traveller
 30660 | D:14     | Found a gate to the Vaults.
 30854 | D:15     | Entered Level 15 of the Dungeon
 31260 | D:15     | Found a staircase to the Depths.
 31665 | Depths:1 | Entered Level 1 of the Depths
 31740 | Vaults:1 | Entered Level 1 of the Vaults
 32039 | Vaults:1 | Received a gift from Okawaru
 32043 | Vaults:1 | Identified the +2 broad axe of the Wasteland {drain, *Slow
                  | MR+ Str+7} (Okawaru gifted it to you on level 1 of the
                  | Vaults)
 32059 | Vaults:1 | Noticed Saint Roka
 32109 | Vaults:1 | Killed Saint Roka
 32147 | Vaults:1 | Reached XP level 20. HP: 189/189 MP: 19/33
 32888 | Vaults:1 | You fall through a shaft!
 32937 | Vaults:2 | Found a staircase to the Crypt.
 32946 | Vaults:2 | Received a gift from Okawaru
 32969 | Crypt:1  | Entered Level 1 of the Crypt
 32991 | Vaults:2 | Paralysed by a great orb of eyes for 4 turns
 33072 | Vaults:2 | Noticed Margery
 33098 | Vaults:2 | Killed Margery
 33194 | Vaults:2 | Found Luod Xaet's Gadget Shop.
 33583 | Vaults:2 | Received a gift from Okawaru
 34250 | Vaults:3 | Reached XP level 21. HP: 199/199 MP: 32/35
 34791 | Vaults:3 | Received a gift from Okawaru
 35355 | Vaults:4 | Reached skill level 10 in Dodging
 35440 | Vaults:4 | Reached skill level 10 in Shields
 35714 | Vaults:4 | Noticed Sojobo
 35722 | Vaults:4 | Noticed Agnes
 35739 | Vaults:4 | Killed Sojobo
 35739 | Vaults:4 | Received a gift from Okawaru
 35742 | Vaults:4 | Killed Agnes
 36143 | Vaults:4 | Received a gift from Okawaru
 36155 | Vaults:4 | Reached XP level 22. HP: 209/209 MP: 34/36
 36975 | Vaults:5 | Entered Level 5 of the Vaults
 36984 | Vaults:5 | Received a gift from Okawaru
 36986 | Vaults:5 | Got a distressingly furry large shield {god gift}
 36997 | Vaults:5 | Identified the +0 large shield of the Suburbs {rPois Dex+4}
                  | (Okawaru gifted it to you on level 5 of the Vaults)
 37271 | Vaults:5 | Noticed an ancient lich
 37315 | Vaults:5 | Killed an ancient lich
 37379 | Vaults:5 | Paralysed by a sphinx for 3 turns
 37382 | Vaults:5 | Received a gift from Okawaru
 37633 | Vaults:5 | Reached XP level 23. HP: 223/223 MP: 29/37
 37642 | Vaults:5 | Identified Sif Muna's Incunabulum of the Mountains
 37742 | Vaults:5 | Noticed a golden dragon
 37745 | Vaults:5 | Noticed an ancient lich
 37765 | Vaults:5 | Killed an ancient lich
 37781 | Vaults:5 | Killed a golden dragon
 37781 | Vaults:5 | Received a gift from Okawaru
 37860 | Vaults:5 | Identified Goapuwoc's Disquisition on Feathers and the
                  | Traveller
 37864 | Vaults:5 | Learned a level 1 spell: Apportation
 37949 | Vaults:5 | Reached skill level 1 in Translocations
 38091 | Vaults:5 | Identified the cursed +3 whip "Death Rattle" {protect, rN+}
 38093 | Vaults:5 | Identified the +4 falchion of Pandemonium {distort, rN+
                  | Dex+7}
 38236 | Vaults:5 | Got a silver rune of Zot
 39552 | Elf:1    | Found Jyesobym's Jewellery Boutique.
 39552 | Elf:1    | Found Kolerphir's Gadget Shoppe.
 39553 | Elf:1    | Found Poumic's Gadget Shoppe.
 39565 | Elf:1    | Bought the amulet "Icluax" {rElec Regen+} for 440 gold
                  | pieces
 40399 | Elf:2    | Found a runed translucent gate.
 40399 | Elf:2    | Found a runed translucent gate.
 40399 | Elf:2    | Found a runed translucent gate.
 40435 | Elf:2    | Reached skill level 5 in Translocations
 40745 | Elf:2    | Received a gift from Okawaru
 40756 | Elf:2    | Identified the +1 scale mail "Zehac" {rCorr MP+9 Str-2
                  | Dex-4} (Okawaru gifted it to you on level 2 of the Elven
                  | Halls)
 40964 | Elf:3    | Entered Level 3 of the Elven Halls
 41111 | Elf:3    | Cast into level 1 of the Abyss (deep elf mage)
 41116 | Abyss:1  | Identified the cursed +1 ring mail of Day {Str+2 Int+2}
                  | (You found it on level 1 of the Abyss)
 41282 | Abyss:1  | Found a corrupted altar of Lugonu.
 41405 | Abyss:1  | Gained mutation: Armour fits poorly on your strangely
                  | shaped body. [a neqoxec]
 41409 | Abyss:1  | Gained mutation: You are weak. (Str -2) [a neqoxec]
 41492 | Abyss:1  | Reached XP level 24. HP: 207/232 MP: 37/37
 41651 | Abyss:1  | Found a corrupted altar of Lugonu.
 41845 | Abyss:1  | Found a bloodstained altar of Trog.
 42685 | Abyss:1  | Identified the cursed +1 scale mail of Laeqyimi {MR+} (You
                  | found it on level 1 of the Abyss)
 43240 | Abyss:1  | Received a gift from Okawaru
 43243 | Abyss:1  | Identified the +0 cloak of Tathricse {*Corrode Str+4 Dex+2}
                  | (Okawaru gifted it to you on level 1 of the Abyss)
 43302 | Abyss:1  | Gained mutation: You are dopey. (Int -2) [a cacodemon]
 43304 | Abyss:1  | Lost intelligence.
 43304 | Abyss:1  | Gained mutation: You are very dopey. (Int -4) [a cacodemon]
 43312 | Abyss:1  | Gained mutation: You are very weak. (Str -4) [a cacodemon]
 43441 | Abyss:1  | Lost intelligence.
 43764 | Abyss:2  | Lost intelligence.
 43855 | Abyss:2  | Gained mutation: Your body sometimes deteriorates upon
                  | taking damage. [a neqoxec]
 43947 | Abyss:2  | Found a corrupted altar of Lugonu.
 44186 | Abyss:2  | Gained mutation: Your body often deteriorates upon taking
                  | damage. [a neqoxec]
 44188 | Abyss:2  | Gained mutation: You are frail. (-10% HP) [a neqoxec]
 44267 | Abyss:3  | Lost mutation: Armour fits poorly on your strangely shaped
                  | body. [potion of mutation]
 44267 | Abyss:3  | Lost mutation: You are frail. (-10% HP) [potion of
                  | mutation]
 44267 | Abyss:3  | Lost mutation: Your spells are a little easier to cast, but
                  | a little less powerful. [potion of mutation]
 44268 | Abyss:3  | Lost mutation: You are very weak. (Str -4) [potion of
                  | mutation]
 44268 | Abyss:3  | Lost mutation: Your body often deteriorates upon taking
                  | damage. [potion of mutation]
 44268 | Abyss:3  | Lost mutation: Your body sometimes deteriorates upon taking
                  | damage. [potion of mutation]
 44268 | Abyss:3  | Gained mutation: You are very weak. (Str -4) [potion of
                  | mutation]
 44268 | Abyss:3  | Gained mutation: You passively map a small area around you.
                  | [potion of mutation]
 44268 | Abyss:3  | Gained mutation: You are somewhat resistant to further
                  | mutation. [potion of mutation]
 44269 | Abyss:3  | Lost mutation: You are very weak. (Str -4) [potion of
                  | mutation]
 44269 | Abyss:3  | Lost mutation: You are partially covered in icy blue
                  | scales. (AC +2) [potion of mutation]
 44269 | Abyss:3  | Lost mutation: You are very dopey. (Int -4) [potion of
                  | mutation]
 44290 | Elf:3    | Escaped the Abyss
 44334 | Elf:3    | Identified the cursed +1 rapier of Fomyzux {protect, +Fly
                  | SInv}
 44408 | Elf:3    | Reached XP level 25. HP: 170/238 MP: 30/38
 44412 | Elf:3    | Received a gift from Okawaru
 44659 | Elf:3    | Received a gift from Okawaru
 44860 | Elf:3    | Identified the +10 plate armour "Ywilupri" {-Tele rElec rC+
                  | Int+2}
 44860 | Elf:3    | Identified the +3 buckler of Gallantry {MR+}
 44869 | Elf:3    | Identified the +6 dagger "Coily" {pierce, rElec Dex+3}
 45048 | Elf:3    | Identified the Volume of Cloudy Snow
 45161 | Elf:3    | Identified the cursed -2 pair of boots of Pantheism {rF+
                  | Str+3} (You found it on level 3 of the Elven Halls)
 45166 | Elf:3    | Identified the Handbook of Ashen Changing
 45418 | Elf:3    | Learned a level 2 spell: Blink
 45768 | D:15     | Identified the cursed +1 scale mail of Impressiveness
                  | {rElec Int+2} (You found it on level 15 of the Dungeon)
 45988 | Depths:1 | Reached skill level 10 in Translocations
 46027 | Depths:1 | Found a gateway to Hell.
 46062 | Depths:1 | Found a one-way gate to the infinite horrors of the Abyss.
 46118 | Depths:1 | Identified the cursed +0 ring mail of Death Resistance
                  | {rPois rF+ rN+} (You found it on level 1 of the Depths)
 46498 | Depths:2 | Identified the +9 war axe of Terror {drain, MR- Dex+3 SInv}
                  | (You found it on level 2 of the Depths)
 46516 | Depths:2 | You fall through a shaft for 2 floors!
 46781 | Depths:4 | Found a blossoming altar of Fedhas.
 46782 | Depths:4 | Found an ornate altar of the Wu Jian Council.
 46782 | Depths:4 | Found a hide-covered altar of Uskayaw.
 46811 | Depths:4 | Received a gift from Okawaru
 47388 | Depths:2 | Received a gift from Okawaru
 47490 | Depths:2 | Reached XP level 26. HP: 247/247 MP: 39/39
 48763 | Depths:3 | Found a one-way gate leading to the halls of Pandemonium.
 49299 | Depths:3 | Received a gift from Okawaru
 49311 | Depths:3 | Learned a level 3 spell: Lesser Beckoning
 49493 | Depths:3 | Reached skill level 27 in Axes
 49946 | Depths:4 | Reached XP level 27. HP: 194/254 MP: 39/39
 49960 | Depths:4 | Received a gift from Okawaru
 51004 | Depths:5 | Entered Level 5 of the Depths
 51121 | Depths:5 | Found a magical portal.
 51239 | WizLab   | Entered The Hall of the Hellbinder
 51590 | WizLab   | Found a burning altar of Makhleb.
 51610 | WizLab   | Identified the ring of Giodghee {*Corrode rElec rC+++ Int-3
                  | SInv} (You found it in a wizard's laboratory)
 51635 | WizLab   | Received a gift from Okawaru
 51833 | WizLab   | Identified the Catalogue of Creation
 51973 | Depths:5 | Received a gift from Okawaru
 51990 | Depths:5 | Identified a +0 pair of boots of running (Okawaru gifted it
                  | to you on level 5 of the Depths)
 51992 | Depths:5 | Identified the ring "Qetyab" {Fire Str+4 Int+5}
 52081 | Depths:5 | Lost mutation: You are dopey. (Int -2) [potion of mutation]
 52081 | Depths:5 | Lost mutation: You are somewhat resistant to further
                  | mutation. [potion of mutation]
 52081 | Depths:5 | Lost mutation: You are weak. (Str -2) [potion of mutation]
 52081 | Depths:5 | Lost mutation: You passively map a small area around you.
                  | [potion of mutation]
 52081 | Depths:5 | Gained mutation: Your spells are a little harder to cast,
                  | but a little more powerful. [potion of mutation]
 52081 | Depths:5 | Gained mutation: You are covered in fur. (AC +1) [potion of
                  | mutation]
 52103 | Depths:5 | Identified the +1 faerie dragon scales {rElec rN+ rCorr
                  | MP+8 Str+3}
 52103 | Depths:5 | Noticed the Enchantress
 52121 | Depths:5 | Killed the Enchantress
 52361 | Depths:5 | Found a gate to the Realm of Zot.
 52908 | Zot:1    | Entered Level 1 of the Realm of Zot
 53018 | Zot:1    | Noticed an orb of fire
 53030 | Zot:1    | Gained mutation: You are clumsy. (Dex -2) [an orb of fire]
 53037 | Zot:1    | Killed an orb of fire
 53554 | Zot:1    | Reached skill level 15 in Dodging
 53670 | Zot:1    | Received a gift from Okawaru
 53877 | Zot:2    | Received a gift from Okawaru
 53892 | Zot:2    | Identified the +10 executioner's axe of Atikhos {freeze,
                  | Dex+4} (Okawaru gifted it to you on level 2 of the Realm of
                  | Zot)
 53907 | Zot:2    | You fall through a shaft for 2 floors!
 53943 | Zot:5    | Entered Level 5 of the Realm of Zot
 54599 | Zot:2    | Received a gift from Okawaru
 55118 | Zot:2    | Found the +8 lance "Wyrmbane" {slay drac, rPois rF+ rC+
                  | AC+3}
 55706 | Zot:3    | Received a gift from Okawaru
 55709 | Zot:3    | Identified the +2 cloak "Lutwauf" {Str+2} (Okawaru gifted
                  | it to you on level 3 of the Realm of Zot)
 58307 | Zot:4    | Found a transporter.
 58375 | Zot:4    | Reached skill level 27 in Fighting
 58422 | Zot:4    | Received a gift from Okawaru
 58617 | Zot:4    | Identified the +0 pair of boots of Honour {+Fly rElec
                  | Int+2} (Okawaru gifted it to you on level 4 of the Realm of
                  | Zot)
 58769 | Zot:4    | Found a transporter.
 58875 | Zot:4    | HP: 7/273 [electric golem/bolt of lightning (42)]
 58875 | Zot:4    | Demolished by an electric golem

Skill      XL: |  1  2  3  4  5  6  7  8  9 10 11 12 13 14 15 16 17 18 19 20 21 22 23 24 25 26 27 |
---------------+----------------------------------------------------------------------------------+-----
Axes           | 3 4 5 6 7 8 10 11 12 14 15 17 18 19 20 21 23 24 27 | 27.0
Fighting       | 4 5 6 7 8 9 11 13 15 16 17 18 19 20 22 27 | 27.0
Armour         | 4 5 6 7 10 13 15 16 17 18 19 | 19.3
Invocations    | 6 10 13 14 15 17 18 19 20 21 22 24 | 24.0
Dodging        | 2 4 5 8 10 12 18 | 18.5
Shields        | 5 7 11 12 | 12.1
Evocations     | 2 7 9 |  9.9
Translocations | 6 9 10 12 14 | 14.0

Action                   |  1- 3 |  4- 6 |  7- 9 | 10-12 | 13-15 | 16-18 | 19-21 | 22-24 | 25-27 || total
-------------------------+-------+-------+-------+-------+-------+-------+-------+-------+-------++-------
Melee: War axe           |   122 |   128 |   265 |   768 |  1543 |  1591 |  1568 |   702 |   415 ||  7102
       Flail             |       |       |       |     7 |    61 |       |       |       |       ||    68
       Broad axe         |       |       |       |       |       |    82 |       |   875 |    95 ||  1052
       Executioner's axe |       |       |       |       |       |       |       |       |  1730 ||  1730
Throw: Javelin           |       |       |       |       |     6 |       |       |       |       ||     6
 Cast: Blink             |       |       |       |       |       |       |       |       |     5 ||     5
       Lesser Beckoning  |       |       |       |       |       |       |       |       |    13 ||    13
       Apportation       |       |       |       |       |       |       |       |       |     2 ||     2
Invok: Heroism           |       |       |     1 |    12 |    11 |     7 |     4 |     5 |    10 ||    50
       Finesse           |       |       |       |       |     1 |     2 |     1 |     1 |     3 ||     8
Evoke: Wand              |       |       |    27 |     8 |    11 |     4 |       |     1 |     3 ||    54
  Use: Scroll            |     7 |     9 |     4 |     5 |    17 |    13 |     5 |    16 |    32 ||   108
       Potion            |       |       |     5 |     5 |     1 |     1 |     2 |     5 |     7 ||    26
 Stab: Distracted        |       |       |       |     1 |       |       |       |     1 |     3 ||     5
       Confused          |       |       |       |       |       |     1 |       |       |       ||     1
  Eat: Chunk             |       |     7 |     7 |    13 |    18 |    18 |    11 |     5 |     5 ||    84
       Ration            |       |       |     1 |     3 |    13 |     5 |     3 |     8 |    15 ||    48
Armor: Scale mail        |     6 |       |       |       |       |       |       |       |       ||     6
       Plate armour      |    73 |    77 |   187 |   380 |   164 |       |       |       |       ||   881
       Acid dragon scale |       |       |       |       |   384 |       |       |       |       ||   384
       Crystal plate arm |       |       |       |       |    35 |   855 |   657 |   659 |  1053 ||  3259
Dodge: Dodged            |    15 |    10 |    42 |   149 |   631 |   605 |   363 |   459 |  1024 ||  3298
Block: Shield            |    70 |    55 |   151 |   548 |  1031 |  1372 |  1149 |  1180 |   602 ||  6158
       Large shield      |       |       |       |       |       |       |       |     2 |       ||     2
       Reflection        |       |       |       |       |       |       |       |       |    45 ||    45
       Other             |       |       |       |       |       |       |       |       |   220 ||   220
